 Dungeon Crawl Stone Soup version 0.26.1-11-gd32895ea62 (webtiles) character file.

Game seed: 10766623963284621546

23 RaHiT the Skirmisher (level 2, -3/24 HPs)
             Began as a Demonspawn Chaos Knight on Apr 22, 2021.
             Was a Plaything of Xom.
             Slain by a gnoll
             ... wielding a +0 whip
              (5 damage)
             ... on level 1 of the Dungeon.
             The game lasted 00:03:01 (605 turns).

RaHiT the Skirmisher (Demonspawn Chaos Knight)       Turns: 605, Time: 00:03:02

Health: -3/24      AC:  5    Str: 12    XL:     2   Next: 72%
Magic:  2/2        EV: 12    Int: 13    God:    Xom [..*...]
Gold:   86         SH:  0    Dex: 12    Spells: 1/1 levels left

rFire    . . .     SeeInvis .     - Unarmed
rCold    . . .     Faith    .   (no shield)
rNeg     . . .     Spirit   .   a - +2 leather armour
rPois    .         Reflect  .   (no helmet)
rElec    .         Harm     .   (no cloak)
rCorr    .         Rampage  .   (no gloves)
Will     .....                  (no boots)
Stlth    +.........             (no amulet)
HPRegen  0.08/turn              (no ring)
MPRegen  0.08/turn              (no ring)

@: no status effects
A: sturdy frame 1
a: Renounce Religion


You were on level 1 of the Dungeon.
You worshipped Xom.
You were a toy of Xom.
You visited 1 branch of the dungeon, and saw 2 of its levels.

You collected 86 gold pieces.

Inventory:

Missiles
 c - 9 poisoned darts (quivered)
 d - 7 stones
Armour
 a - a +2 leather armour (worn)
 b - a +0 ring mail
Scrolls
 e - 2 scrolls of identify {unknown}
 g - a scroll of teleportation {unknown}
 h - a scroll of immolation {unknown}
Potions
 f - a potion of mutation {unknown}
 i - 2 potions of curing {unknown}
 j - a potion of brilliance {unknown}
 k - a potion of cancellation


   Skills:
 + Level 3.3 Fighting
 - Level 2.0 Armour
 + Level 1.5 Dodging
 - Level 3.0 Unarmed Combat


You had one spell level left.
You didn't know any spells.
Your spell library was empty.

Dungeon Overview and Level Annotations

Branches:
Dungeon (2/15)

Altars:


Innate Abilities, Weirdness & Mutations

Your movements are slightly less encumbered by armour. (ER -2)


Message History

You hit the gnoll but do no damage.
The gnoll is moderately wounded.
The gnoll hits you but does no damage.
You hit the gnoll.
The gnoll is heavily wounded.
The gnoll hits you with a +0 whip.
You closely miss the gnoll.
The gnoll is heavily wounded.
The gnoll barely misses you.
You hit the gnoll. You punch the gnoll, but do no damage.
The gnoll is severely wounded.
The gnoll hits you but does no damage.
You barely miss the gnoll.
The gnoll is severely wounded.
The gnoll hits you with a +0 whip!
* * * LOW HITPOINT WARNING * * *
It was a potion of cancellation.
You feel magically purged.
Xom thinks this is hilarious!
The gnoll hits you with a +0 whip.
You die...

#######..###########
...................#####..
#####.##.#########......(! .
#.###....# #...........
.###..#### .........# ##....#
....?..# ##....# ##..##..###
#....# #####..)....... #####.#
#####..@g.....# #
##....####.....###...### .#
.##..........####..#### ##.#
##.....#####.####.##.. ...##
..##.#..## #......##.####....#
...#.##..###............>....#
.....###........##...........#
................##.........$.#
.#.#...(.#.#..#..............#


You could see a gnoll.

Vanquished Creatures
  A dart slug (D:1)
  4 goblins (D:1)
  6 hobgoblins (D:1)
  2 kobolds (D:1)
  7 rats (D:1)
20 creatures vanquished.

Notes
Turn   | Place    | Note
-------+----------+-------------------------------------------
     0 | D:1      | RaHiT the Demonspawn Chaos Knight began the quest for the
                  | Orb.
     0 | D:1      | Reached XP level 1. HP: 18/18 MP: 1/1
    77 | D:1      | Reached skill level 1 in Dodging
   102 | D:1      | Gained mutation: Your movements are slightly less
                  | encumbered by armour. (ER -2) [demonic ancestry]
   102 | D:1      | Reached XP level 2. HP: 13/24 MP: 2/2
   279 | D:1      | You fall into a shaft and drop 1 floor!
   364 | D:1      | XOM: silly message
   605 | D:1      | Slain by a gnoll

Illustrated notes

Levels and vault maps discovered:
D:1:      dpeg_arrival_radiant, layout_rooms, item_on_display_a
D:2:      layout_loops_ring, overflow_temple_1_default,
          nicolae_overflow_hidden_temple, lemuel_old_faithful, uniq_robin,
          uniq_natasha

Skill      XL: |  1  2 |
---------------+-------+-----
Dodging        | 1 |  1.5
Armour         | 2 |  2.0
Unarmed Combat | 3 |  3.0
Fighting       | |  3.3

Action                   || total
-------------------------++-------
Melee: Unarmed           ||    66
       Punch             ||     1
  Use: Potion            ||     1
Armor: Leather armour    ||    25
Dodge: Dodged            ||    34
